 Dungeon Crawl Stone Soup version 0.30-a0-632-g346586fe48 (webtiles) character file.

Game seed: 13922049370934170488

58 wormed the Chopper (level 3, 0/33 HPs)
             Began as a Minotaur Berserker on Jan 14, 2023.
             Was a Believer of Trog.
             Slain by a goblin
             ... wielding a +0 dagger
             ... led by Robin
              (3 damage)
             ... on level 2 of the Dungeon.
             The game lasted 00:01:46 (1144 turns).

wormed the Chopper (Minotaur Berserker)             Turns: 1144, Time: 00:01:46

Health: 0/33       AC:  3    Str: 21    XL:     3   Next: 76%
Magic:  2/2        EV: 12    Int:  4    God:    Trog [**....]
Gold:   31         SH:  0    Dex: 11    Spells: 2/2 levels left

rFire   . . .      SeeInvis .    e - +0 morningstar
rCold   . . .      Faith    .    (no shield)
rNeg    . . .      Spirit   .    b - +1 animal skin
rPois   .          Reflect  .    (helmet restricted)
rElec   .          Harm     .    (no cloak)
rCorr   .          Rampage  .    (no gloves)
Will    .....                    (no boots)
Stlth   +                        (no amulet)
HPRegen 0.25/turn                (no ring)
MPRegen 0.08/turn                (no ring)

@: no status effects
A: horns 2, retaliatory headbutt
a: Renounce Religion, Berserk, Trog's Hand


You were on level 2 of the Dungeon.
You worshipped Trog.
Trog was pleased with you.
You visited 1 branch of the dungeon, and saw 2 of its levels.

You collected 31 gold pieces.

Inventory:

Hand Weapons
 a - a +0 hand axe
 e - a +0 morningstar (weapon)
Armour
 b - a +1 animal skin (worn)
Potions
 c - a potion of might {unknown}
 f - 2 potions of cancellation
 g - a potion of heal wounds {unknown}
 j - a potion of lignification {unknown}


   Skills:
 + Level 4.1 Fighting
 * Level 4.4 Axes
 + Level 3.0 Armour
 + Level 2.6 Dodging
 + Level 1.4 Shields


You had 2 spell levels left.
You didn't know any spells.
Your spell library was empty.

Dungeon Overview and Level Annotations

Branches:
Dungeon (2/15)

Altars:

Annotations:
D:2 Robin, Terence


Innate Abilities, Weirdness & Mutations

You have a pair of horns on your head.
You reflexively headbutt those who attack you in melee.


Message History

You hit the goblin.
Your attack snaps the goblin out of its fear.
You headbutt the goblin.
You kill the goblin!
Trog accepts your kill. The goblin barely misses you.
The goblin shoots a sling bullet.
The sling bullet hits you.
* * * LOW HITPOINT WARNING * * *
You hit the goblin but do no damage. Your headbutt misses the goblin.
The goblin is moderately wounded.
Robin roars a battlecry!
Cornered, the goblin turns to fight!
A goblin comes into view. It is wielding a +0 dagger.
The goblin barely misses you.
You hit the goblin.
You kill the goblin!
Trog accepts your kill.
The goblin no longer looks unusually strong.
Robin throws the goblin at you!
* * * LOW HITPOINT WARNING * * *
The goblin misses you. The goblin hits you with a +0 club.
* * * LOW HITPOINT WARNING * * *
Robin roars a battlecry!
The goblins go into a battle-frenzy!
The goblin hits you but does no damage.
You closely miss the goblin. The goblin hits you but does no damage.
The goblin closely misses you. x2; You furiously retaliate!
You headbutt the goblin, but do no damage.
You puncture the goblin!
You kill the goblin!
Trog accepts your kill.
The goblin no longer looks unusually strong.
The goblin closely misses you. The goblin misses you. You furiously retaliate!
You headbutt the goblin!
You kill the goblin!
Trog accepts your kill. Robin throws the goblin at you!
* * * LOW HITPOINT WARNING * * *
The goblin hits you with a +0 dagger.
You die...

#.# #.## .. ...# .#
...# . .# ...##.. .#
....#...# .#
#[#.###...## .#
#.#..###g..g#####.####
#.##...####)†.)g@g...#
...###....#####g####|#
.#..(####........#
...###....#####...#
#.##..)#### ..#..#
#(#..### #####.#
###.## .# .#..# .
.#.## #.


You could see Robin and 3 goblins.

Vanquished Creatures
  A gnoll (D:2)
  An adder (D:2)
  A dart slug (D:1)
  An endoplasm (D:2)
  A giant cockroach (D:2)
  9 goblins
  6 hobgoblins
  4 kobolds
  2 quokkas (D:1)
  4 bats
  3 frilled lizards
  4 rats (D:1)
37 creatures vanquished.

Notes
Turn   | Place    | Note
-------+----------+-------------------------------------------
     0 | D:1      | wormed the Minotaur Berserker began the quest for the Orb.
     0 | D:1      | Reached XP level 1. HP: 19/19 MP: 0/0
   121 | D:1      | Reached XP level 2. HP: 20/27 MP: 1/1
   710 | D:1      | Reached skill level 1 in Shields
   865 | D:2      | Noticed Terence
   869 | D:2      | Reached XP level 3. HP: 25/33 MP: 2/2
   978 | D:2      | Reached ** piety under Trog
  1127 | D:2      | Noticed Robin
  1144 | D:2      | Slain by a goblin

Illustrated notes

Levels and vault maps discovered:
D:1:      dpeg_arrival_shrine, layout_basic, minmay_pentomino_r2
D:2:      minmay_general_purpose_star, layout_rooms, uniq_robin, uniq_terence,
          uniq_jessica

Skill      XL: |  1  2  3 |
---------------+----------+-----
Axes           | 4 |  4.4
Shields        | 1 |  1.4
Fighting       | 4 |  4.1
Armour         | 3 |  3.0
Dodging        | |  2.6

Action                   || total
-------------------------++-------
Melee: Hand axe          ||    51
       Headbutt          ||    13
       Punch             ||     1
       Morningstar       ||    11
  Use: Scroll            ||     8
 Stab: Sleeping          ||     2
Armor: Animal skin       ||    12
Dodge: Dodged            ||    53

Table legend: (Time is in decaauts)
 A = Elapsed time spent in this place.
 B = Non-inter-level travel time spent in this place.
 C = Inter-level travel time spent in this place.
 D = Time resting spent in this place.
 E = Time spent auto-exploring this place.
 F = Levels seen in this place.
 G = Mean time per level.
                   A        B        C        D        E       F      G
               +--------+--------+--------+--------+--------+-----+--------+
         Total |   1153 |   1120 |     33 |      0 |    920 |   2 |  576.5 |
       Dungeon |   1153 |   1120 |     33 |      0 |    920 |   2 |  576.5 |
               +--------+--------+--------+--------+--------+-----+--------+

Top non-repeatable levels by time:
     D:1: 951 daAuts
     D:2: 201 daAuts
